 Dungeon Crawl Stone Soup version 0.31-a0-246-g8cbcc1cb85 (webtiles) character file.

Game seed: 15115909606008721408

324 garrulousMonolith the Changeling (level 6, 0/51 HPs)
             Began as a Gnoll Shapeshifter on July 12, 2023.
             Slain by a goblin
             ... wielding a +0 dagger
             ... led by Robin
              (2 damage)
             ... on level 3 of the Dungeon.
             The game lasted 00:02:41 (2365 turns).

garrulousMonolith the Changeling (GnSh)             Turns: 2365, Time: 00:02:41

Health: 0/51       AC:  3    Str: 14 (16) XL:     6   Next: 48%
Magic:  9/9        EV: 13    Int:  5 (7)  God:
Gold:   132        SH:  0    Dex: 11 (13) Spells: 9/9 levels left

rFire   . .          .
                       - Unarmed
rCold   . . .        (no shield)
rNeg    . . .        i - +0 leather armour
rPois   .            (helmet currently unavailable)
rElec   .            (cloak currently unavailable)
rCorr   .            (gloves currently unavailable)
SInv    .            (boots currently unavailable)
Will    .....        (no amulet)
Stlth   ++           (no ring)
HPRegen 0.28/turn    (no ring)
MPRegen 0.11/turn

%: no passive effects
@: mighty, beast-form, attractive
A: beast (slay +4), fangs 1, strong nose, distributed training
a: no special abilities


You were on level 3 of the Dungeon.
You were a hulking beast.
You visited 1 branch of the dungeon, and saw 3 of its levels.

You collected 132 gold pieces.

Inventory:

Missiles
 r - 4 poisoned darts (quivered)
Armour
 a - a +0 animal skin
 f - a +1 cloak
 i - a +0 leather armour (worn)
Talismans
 c - a beast talisman
 n - a blade talisman
Wands
 q - a wand of polymorph (6)
Scrolls
 h - a scroll of torment {unknown}
 j - a scroll of poison {unknown}
 k - a scroll of teleportation {unknown}
 l - 2 scrolls of vulnerability {unknown}
 m - 2 scrolls of blinking {unknown}
 o - 3 scrolls of identify {unknown}
 p - a scroll of noise {unknown}
Potions
 b - a potion of lignification
 g - a potion of degeneration


   Skills:
 + Level 5.0 Fighting
 + Level 2.0 Short Blades
 + Level 2.0 Long Blades
 + Level 2.0 Axes
 + Level 2.0 Maces & Flails
 + Level 2.0 Polearms
 + Level 2.0 Staves
 + Level 2.0 Ranged Weapons
 + Level 2.0 Throwing
 + Level 2.0 Armour
 + Level 5.0 Dodging
 + Level 2.0 Stealth
 + Level 2.0 Shields
 + Level 5.0 Unarmed Combat
 + Level 2.0 Spellcasting
 + Level 1.6 Conjurations
 + Level 1.6 Hexes
 + Level 1.6 Summonings
 + Level 1.6 Necromancy
 + Level 1.6 Translocations
 + Level 1.6 Transmutations
 + Level 1.6 Fire Magic
 + Level 1.6 Ice Magic
 + Level 1.6 Air Magic
 + Level 1.6 Earth Magic
 + Level 1.6 Poison Magic
 + Level 2.2 Invocations
 + Level 2.0 Evocations
 + Level 6.7 Shapeshifting


You had 9 spell levels left.
You didn't know any spells.
Your spell library contained the following spells:

 Spells                   Type           Power      Damage    Failure   Level
 Dazzling Flash           Conj/Hex       4%         N/A       63%         3
 Agony                    Necr           2%         N/A       100%        5
 Silence                  Hex/Air        1%         N/A       100%        5


Dungeon Overview and Level Annotations

Branches:
Dungeon (3/15)

Altars:


Innate Abilities, Weirdness & Mutations

You are a hulking beast.
Your limbs bulge with bestial killing power. (Slay +4)
You have very sharp teeth.
Your uncanny sense of smell can sniff out nearby items.
Your experience applies equally to all skills.


Message History

It was a potion of might.
You feel very mighty all of a sudden. The hobgoblin barely misses you.
The goblin misses you. The endoplasm hits you.
The goblin hits you with a +0 club. The goblin hits you with a +0 dagger.
The hobgoblin completely misses you. The goblin misses you.
You hit the endoplasm. You bite the endoplasm.
You kill the endoplasm!
The hobgoblin hits you but does no damage.
The goblin hits you but does no damage. x2; The goblin closely misses you.
The hobgoblin misses you. The goblin barely misses you.
You punch the hobgoblin!
You kill the hobgoblin!
The hobgoblin barely misses you. The hobgoblin closely misses you.
The goblin barely misses you. The goblin hits you with a +0 club.
The goblin barely misses you. x2
You punch Robin! x2; You bite Robin.
You kill Robin!
The goblin no longer looks unusually strong.
The goblin hits you with a +0 club. The hobgoblin closely misses you.
The hobgoblin hits you.
* * * LOW HITPOINT WARNING * * *
The goblin hits you but does no damage. x3
You punch the goblin!
You kill the goblin!
The goblin hits you with a +0 dagger.
* * * LOW HITPOINT WARNING * * *
The goblin closely misses you. The hobgoblin misses you.
The hobgoblin completely misses you. The goblin hits you with a +0 club.
* * * LOW HITPOINT WARNING * * *
You closely miss the goblin. The goblin hits you with a +0 dagger.
* * * LOW HITPOINT WARNING * * *
The goblin barely misses you. The hobgoblin closely misses you.
The hobgoblin hits you.
* * * LOW HITPOINT WARNING * * *
The goblin hits you with a +0 club.
* * * LOW HITPOINT WARNING * * *
It was a potion of attraction.
You feel attractive to monsters. The goblin barely misses you.
The goblin hits you with a +0 dagger.
You die...

# #.# #.# ##### #.# #.#
.# ..<.#####.###.# .#
............#.###.#
###.####..........##
##.#.###..###.###...#
#.###.##..#.....#.#..
.## ##....#>...g#g######
..###.##.##....ghg......
##.#.###.##....g))#####.
#...## #.##.......#
#.#.# #.####.##... #.#.#
#.# #.#..... #.#.####.#
#. .....# #.#....†.# #.
.....# #.#.###### .
.#...## ∆ #...# ..


You could see 2 hobgoblins and 3 goblins.

Vanquished Creatures
  Sigmund (D:2)
  2 orc wizards (D:3)
  Robin (D:3)
  3 adders
  A worm (D:2)
  A dart slug (D:3)
  4 orcs (D:3)
  4 ball pythons
  6 endoplasms
  5 giant cockroaches
  8 goblins
  4 hobgoblins
  4 quokkas
  4 bats
  3 frilled lizards
  3 kobolds (D:1)
  3 rats
57 creatures vanquished.

Notes
Turn   | Place    | Note
-------+----------+-------------------------------------------
     0 | D:1      | garrulousMonolith the Gnoll Shapeshifter began the quest
                  | for the Orb.
     0 | D:1      | Reached XP level 1. HP: 20/20 MP: 1/1
   297 | D:1      | Reached XP level 2. HP: 26/26 MP: 2/2
   914 | D:2      | Noticed Sigmund
   925 | D:2      | Killed Sigmund
   926 | D:2      | Reached skill level 1 in Short Blades
   926 | D:2      | Reached skill level 1 in Long Blades
   926 | D:2      | Reached skill level 1 in Axes
   926 | D:2      | Reached skill level 1 in Maces & Flails
   926 | D:2      | Reached skill level 1 in Polearms
   926 | D:2      | Reached skill level 1 in Staves
   926 | D:2      | Reached skill level 1 in Ranged Weapons
   926 | D:2      | Reached skill level 1 in Throwing
   926 | D:2      | Reached skill level 1 in Armour
   926 | D:2      | Reached skill level 1 in Stealth
   926 | D:2      | Reached skill level 1 in Shields
   926 | D:2      | Reached skill level 1 in Spellcasting
   926 | D:2      | Reached skill level 1 in Conjurations
   926 | D:2      | Reached skill level 1 in Hexes
   926 | D:2      | Reached skill level 1 in Summonings
   926 | D:2      | Reached skill level 1 in Necromancy
   926 | D:2      | Reached skill level 1 in Translocations
   926 | D:2      | Reached skill level 1 in Transmutations
   926 | D:2      | Reached skill level 1 in Fire Magic
   926 | D:2      | Reached skill level 1 in Ice Magic
   926 | D:2      | Reached skill level 1 in Air Magic
   926 | D:2      | Reached skill level 1 in Earth Magic
   926 | D:2      | Reached skill level 1 in Poison Magic
   926 | D:2      | Reached skill level 1 in Invocations
   926 | D:2      | Reached skill level 1 in Evocations
   926 | D:2      | Reached XP level 3. HP: 9/32 MP: 2/5
   926 | D:2      | Reached XP level 4. HP: 11/38 MP: 2/6
   926 | D:2      | Reached XP level 5. HP: 12/43 MP: 2/7
  1834 | D:3      | Reached XP level 6. HP: 47/50 MP: 8/8
  2234 | D:3      | Reached skill level 5 in Fighting
  2234 | D:3      | Reached skill level 5 in Dodging
  2234 | D:3      | Reached skill level 5 in Unarmed Combat
  2349 | D:3      | Noticed Robin
  2362 | D:3      | Killed Robin
  2364 | D:3      | HP: 2/51 [goblin/+0 club[Robin] (3)]
  2365 | D:3      | Slain by a goblin

Illustrated notes

Levels and vault maps discovered:
D:1:      saegor_arrival_miasma, layout_loops_cross, minmay_tromino_v4_b
D:2:      layout_basic, minmay_misc_feat_square, hangedman_decor_opposing,
          uniq_sigmund
D:3:      layout_loops_ring, serial_co_window_serial,
          co_window_of_opportunity_a, co_window_paths_b,
          co_window_of_opportunity_a, co_window_paths_a, co_window_paths_a,
          co_window_cross_3, co_window_corner_cb, co_window_of_opportunity_b,
          co_window_unsneaky_path_d, glass_columns_a, serial_park_tiny_1,
          kennysheep_another_room, uniq_robin

Skill      XL: |  1  2  3  4  5  6 |
---------------+-------------------+-----
Short Blades   | 1 2 |  2.0
Long Blades    | 1 2 |  2.0
Axes           | 1 2 |  2.0
Maces & Flails | 1 2 |  2.0
Polearms       | 1 2 |  2.0
Staves         | 1 2 |  2.0
Ranged Weapons | 1 2 |  2.0
Throwing       | 1 2 |  2.0
Armour         | 1 2 |  2.0
Stealth        | 1 2 |  2.0
Shields        | 1 2 |  2.0
Spellcasting   | 1 2 |  2.0
Conjurations   | 1 |  1.6
Hexes          | 1 |  1.6
Summonings     | 1 |  1.6
Necromancy     | 1 |  1.6
Translocations | 1 |  1.6
Transmutations | 1 |  1.6
Fire Magic     | 1 |  1.6
Ice Magic      | 1 |  1.6
Air Magic      | 1 |  1.6
Earth Magic    | 1 |  1.6
Poison Magic   | 1 |  1.6
Invocations    | 1 2 |  2.2
Evocations     | 1 2 |  2.0
Fighting       | 5 |  5.0
Dodging        | 5 |  5.0
Unarmed Combat | 5 |  5.0
Shapeshifting  | |  6.7

Action                     |  1- 3 |  4- 6 || total
---------------------------+-------+-------++-------
  Melee: Unarmed           |    33 |    79 ||   112
         Bite              |     5 |     8 ||    13
         Punch             |       |     3 ||     3
    Use: Potion            |       |     3 ||     3
   Stab: Sleeping          |     2 |     3 ||     5
 Armour: Animal skin       |     4 |       ||     4
         Leather armour    |       |    18 ||    18
  Dodge: Dodged            |    16 |    67 ||    83
         Form:             |     1 |       ||     1
         Beast             |     1 |       ||     1

Table legend: (Time is in decaauts)
 A = Elapsed time spent in this place.
 B = Non-inter-level travel time spent in this place.
 C = Inter-level travel time spent in this place.
 D = Time resting spent in this place.
 E = Time spent auto-exploring this place.
 F = Levels seen in this place.
 G = Mean time per level.
                   A        B        C        D        E       F      G
               +--------+--------+--------+--------+--------+-----+--------+
         Total |   2354 |   2314 |     40 |    462 |   1513 |   3 |  784.7 |
       Dungeon |   2354 |   2314 |     40 |    462 |   1513 |   3 |  784.7 |
               +--------+--------+--------+--------+--------+-----+--------+

Top non-repeatable levels by time:
     D:2: 999 daAuts
     D:1: 781 daAuts
     D:3: 573 daAuts
